 Dungeon Crawl Stone Soup version 0.31.0-32-g396128a36d (webtiles) character file.

Game seed: 621685876627015129

7078 KittyFluff the Grappler (level 10, 0/150 HPs)
             Began as a Troll Shapeshifter on Apr 4, 2024.
             Was a Priest of Trog.
             Succumbed to a killer bee's poison
             ... on level 9 of the Dungeon.
             The game lasted 00:34:42 (7273 turns).

KittyFluff the Grappler (Troll Shapeshifter)        Turns: 7273, Time: 00:34:42

Health: 0/150      AC:  5    Str: 34    XL:     10   Next: 84%
Magic:  0/9        EV: 11    Int: 12    God:    Trog [***...]
Gold:   555        SH:  0    Dex:  9    Spells: 9/9 levels left

rFire   . .          .
                       - Unarmed
rCold   . . .        x - orb {guile}
rNeg    . . .        T - +0 troll leather armour
rPois   .            (helmet currently unavailable)
rElec   .            (cloak currently unavailable)
rCorr   .            (gloves unavailable)
SInv    .            (boots unavailable)
Will    .....        K - amulet of guardian spirit Stlth
                     q - +6 ring of intelligence
HPRegen 2.05/turn    I - +6 ring of strength
MPRegen 0.11/turn

%: guardian spirit
@: berserking (expiring), lethally poisoned (0 -> -10), beast-form, very quick
A: beast (slay +4), large, unfitting armour, claws 3, regeneration 1, shaggy fur
1, tough skin 1
a: Begin Untransformation, Renounce Religion, Berserk, Trog's Hand


You were on level 9 of the Dungeon.
You worshipped Trog.
Trog was most pleased with you.
You were a hulking beast.
You visited 2 branches of the dungeon, and saw 11 of its levels.

You collected 555 gold pieces.

Inventory:

Hand Weapons
 e - a +1 whip of flaming
 k - a +2 whip of electrocution
 r - a +4 flail
 y - a +0 spear
 B - a +1 sling of electrocution
 C - a +0 orcbow
 H - a +0 morningstar
 N - a +3 dire flail of freezing
 R - a +1 whip of venom
 S - a +0 heavy orcbow
 X - a +0 quarterstaff
Missiles
 i - 84 stones (quivered)
 j - 2 boomerangs
 l - 3 curare-tipped darts
 p - 4 atropa-tipped darts
 M - 16 poisoned darts
Armour
 g - the +3 robe of Ojufinaa {Int+3 Stlth+}
   (You found it on level 4 of the Dungeon)

   Int+3:     It affects your intelligence (+3).
   Stlth+:    It makes you more stealthy.
 x - an orb of guile (worn)
 J - a +2 cloak of poison resistance
 O - +0 steam dragon scales
 T - a +0 troll leather armour (worn)
Jewellery
 q - a +6 ring of intelligence (left claw)
 w - an amulet of faith
 I - a +6 ring of strength (right claw)
 K - an amulet of guardian spirit (around neck)
Talismans
 c - a beast talisman
 d - a flux talisman
Wands
 b - a wand of digging (5)
 A - a wand of iceblast (15)
 Q - a wand of quicksilver (8)
Scrolls
 a - a scroll of fear {unknown}
 h - 5 scrolls of teleportation
 n - 2 scrolls of fog {unknown}
 s - 3 scrolls of poison {unknown}
 t - 5 scrolls of enchant weapon {unknown}
 u - 2 scrolls of blinking
 v - 2 scrolls of silence
 z - 2 scrolls of vulnerability {unknown}
 D - 2 scrolls of immolation {unknown}
 G - a scroll of revelation {unknown}
 U - a scroll of amnesia {unknown}
Potions
 f - 2 potions of might
 m - 2 potions of curing
 o - a potion of enlightenment
 E - a potion of berserk rage
 F - a potion of magic
 P - a potion of mutation
 V - a potion of ambrosia
 W - a potion of haste


   Skills:
 + Level 6.7 Fighting
 + Level 4.2 Throwing
 + Level 6.9 Dodging
 + Level 8.6 Unarmed Combat
 + Level 8.0 Shapeshifting


You had 9 spell levels left.
You didn't know any spells.
Your spell library was empty.

Dungeon Overview and Level Annotations

Branches:
Dungeon (10/15)            Temple (1/1) D:4
   Lair: D:8-11         Orc: D:9-12

Altars:
Ashenzari
Cheibriados
Dithmenos
Elyvilon
Fedhas
Gozag
Hepliaklqana
Kikubaaqudgha
Makhleb
Nemelex Xobeh
Okawaru
Qazlal
Ru
Sif Muna
Trog
Uskayaw
Vehumet
Wu Jian
Xom
Yredelemnul
Zin
The Shining One

Shops:
D:5 *

Portals:
Abyss: D:5

Annotations:
D:7 1 runed translucent door
D:9 5 runed translucent doors, Dukelukem's ghost, novice DrCj
D:10 Psyche


Innate Abilities, Weirdness & Mutations

You are a hulking beast.
Your limbs bulge with bestial killing power. (Slay +4)
You are too large for most types of armour.
You have claws for hands.
Your natural rate of healing is unusually fast.
You are covered in fur. (AC +1)
You have tough skin. (AC +1)


Message History

The killer bee stings you.
* * * LOW HITPOINT WARNING * * *
You are more poisoned.
The killer bee poisons you! The killer bee closely misses you.
You mangle the killer bee!!
You kill the killer bee!
Trog accepts your kill.
You feel very sick. The killer bee stings you.
* * * LOW HITPOINT WARNING * * *
You are more poisoned.
The killer bee poisons you!
The killer bee stings you but does no damage.
Your life force feels restored.
Your Shapeshifting skill increases to level 8!
You closely miss the killer bee.
You feel very sick. The killer bee misses you.
The killer bee stings you but does no damage.
You miss the killer bee.
You feel very sick.
The killer bee stings you but does no damage.
The killer bee closely misses you.
You mangle the killer bee!!
You kill the killer bee!
Trog accepts your kill.
You feel very sick. The killer bee stings you!
* * * LOW HITPOINT WARNING * * *
The killer bee barely misses you.
You miss the killer bee.
* * * LOW HITPOINT WARNING * * *
You feel very sick.
The killer bee stings you but does no damage.
You closely miss the killer bee.
You feel sick. The killer bee stings you!
* * * LOW HITPOINT WARNING * * *
You are more poisoned.
The killer bee poisons you!
You barely miss the killer bee.
You die...

.....##.####.#####...............
##.#.##.# #.##.....#########....
#....#.# #.##.##.## #.##.
#......# #.##.##.###### #.##.
##...### #............# #.##.
#...# #.......####.# #.### #...#
#.......####.# #.... #...#
###.........##.#####.###
###...####......h....#.....##.###
................y†.#.#.....##.##.
...........................##.##.
.............#######.#.....##.##.
###...##############.#.....##....
#...# #......###########. #...#
#.##.....##......#. ###...#
#.##.###.##.####.#. .....## ####
#.##.###.##.#.##.#.


You could see a killer bee.

Vanquished Creatures
  3 two-headed ogres
  Pikel (D:6)
  An unseen horror (D:9)
  A troll (D:9)
  The ghost of Hnaef the Changeling, a novice FeSh of Gozag (D:5)
  Grinder (D:6)
  A wraith (D:5)
  Eustachio (D:6)
  A steam dragon (D:8)
  A small abomination (D:5)
  An acid dragon (D:9)
  A water moccasin (D:9)
  Duvessa (D:6)
  3 orc warriors
  A sky beast (D:8)
  2 ice beasts
  2 black bears (D:7)
  An ogre (D:5)
  2 centaurs
  2 lemures (D:6)
  A phantom (D:7)
  4 kobold brigands
  4 bullfrogs
  5 scorpions
  8 wights (D:8)
  Dowan (D:6)
  2 killer bees (D:9)
  4 electric eels (D:8)
  A crimson imp (D:5)
  A jelly (D:6)
  2 bombardier beetles
  2 orc priests (D:7)
  A hound (D:5)
  Crazy Yiuf (D:7)
  3 iguanas
  5 orc wizards
  A sleepcap (D:4)
  6 adders
  A white imp (D:6)
  2 ufetubi (D:5)
  2 dart slugs
  A ribbon worm (D:2)
  14 orcs
  3 bats
  11 endoplasms
  5 giant cockroaches
  9 goblins
  8 hobgoblins
  22 kobolds
  4 quokkas
  7 ball pythons
  2 frilled lizards
  A kobold zombie (D:7)
  5 rats
177 creatures vanquished.

Vanquished Creatures (others)
  A bullfrog (D:8)
1 creature vanquished.

Grand Total: 178 creatures vanquished

Notes
Turn   | Place    | Note
-------+----------+-------------------------------------------
     0 | D:1      | KittyFluff the Troll Shapeshifter began the quest for the
                  | Orb.
     0 | D:1      | Reached XP level 1. HP: 18/18 MP: 0/0
   183 | D:1      | Reached skill level 1 in Fighting
   228 | D:1      | Reached XP level 2. HP: 27/27 MP: 1/1
   338 | D:1      | Found a faded altar of an unknown god.
   666 | D:2      | Reached XP level 3. HP: 33/33 MP: 2/2
  1384 | D:3      | Found a blossoming altar of Fedhas.
  1546 | D:3      | Reached XP level 4. HP: 40/41 MP: 3/3
  2022 | D:3      | Found an ornate altar of the Wu Jian Council.
  2102 | D:4      | Found a staircase to the Ecumenical Temple.
  2154 | Temple   | Entered the Ecumenical Temple
  2167 | Temple   | Became a worshipper of Trog the Wrathful
  2336 | D:4      | Reached XP level 5. HP: 42/49 MP: 4/4
  2598 | D:4      | Identified the +3 robe of Ojufinaa {Int+3 Stlth+}
  2679 | D:5      | Entered Level 5 of the Dungeon
  2679 | D:5      | Noticed a wraith
  2697 | D:5      | Killed a wraith
  2698 | D:5      | Reached XP level 6. HP: 17/59 MP: 5/5
  2705 | D:5      | Reached * piety under Trog
  2842 | D:5      | Found a glowing golden altar of the Shining One.
  2858 | D:5      | Found a burning altar of Makhleb.
  2971 | D:5      | Reached XP level 7. HP: 67/67 MP: 6/6
  2972 | D:5      | Found an ancient bone altar of Kikubaaqudgha.
  3021 | D:5      | Found Zin's Purification Station.
  3024 | D:5      | Found a glowing silver altar of Zin.
  3089 | D:5      | Found a transporter.
  3165 | D:5      | Found a transporter.
  3175 | D:5      | Noticed Hnaef's ghost (novice FeSh)
  3175 | D:5      | Found a one-way gate to the infinite horrors of the Abyss.
  3181 | D:5      | Reached skill level 5 in Unarmed Combat
  3200 | D:5      | Killed Hnaef's ghost
  3201 | D:5      | Reached skill level 5 in Shapeshifting
  3201 | D:5      | Reached XP level 8. HP: 68/78 MP: 7/7
  3295 | D:6      | Found a hide-covered altar of Uskayaw.
  3438 | D:6      | Noticed Pikel
  3459 | D:6      | Killed Pikel
  3598 | D:6      | Noticed Eustachio
  3605 | D:6      | Killed Eustachio
  3606 | D:6      | Reached skill level 5 in Dodging
  3661 | D:6      | Noticed Grinder
  3664 | D:6      | Noticed Dowan
  3666 | D:6      | Paralysed by Grinder for 5 turns
  3696 | D:7      | Reached XP level 9. HP: 32/87 MP: 8/8
  3719 | D:7      | Reached skill level 5 in Fighting
  3919 | D:6      | Reached ** piety under Trog
  3994 | D:6      | Noticed Duvessa
  4005 | D:6      | Killed Duvessa
  4025 | D:6      | Killed Dowan
  4027 | D:6      | Paralysed by Grinder for 4 turns
  4033 | D:6      | Killed Grinder
  4377 | D:5      | Found a snail-covered altar of Cheibriados.
  4466 | D:7      | Reached skill level 1 in Throwing
  4503 | D:7      | Found a runed translucent door.
  4516 | D:7      | Found a basalt altar of Yredelemnul.
  4649 | D:7      | Found a runed translucent door.
  4650 | D:7      | Noticed Crazy Yiuf
  4661 | D:7      | Killed Crazy Yiuf
  4704 | D:7      | Found an opulent altar of Gozag.
  4868 | D:7      | Found a shadowy altar of Dithmenos.
  5233 | D:8      | Reached XP level 10. HP: 65/98 MP: 5/9
  6073 | D:9      | Noticed a two-headed ogre
  6080 | D:9      | Killed a two-headed ogre
  6367 | D:9      | Reached *** piety under Trog
  6611 | D:9      | Found a runed translucent gate.
  6611 | D:9      | Found an opulent altar of Gozag.
  6612 | D:9      | Found a runed translucent gate.
  6612 | D:9      | Found a runed translucent gate.
  6612 | D:9      | Noticed a boulder beetle
  6612 | D:9      | Noticed a six-headed hydra
  6613 | D:9      | Noticed a gargoyle
  6613 | D:9      | Noticed Dukelukem's ghost (novice DrCj)
  6746 | D:9      | Found a runed translucent door.
  6748 | D:9      | Noticed an ice dragon
  6748 | D:9      | Found the +2 shield of Resistance {rF++ rC++ Will++}
  6748 | D:9      | Noticed a fire dragon
  6748 | D:9      | Noticed an ice dragon
  6749 | D:9      | Noticed a fire dragon
  6759 | D:9      | Found a runed translucent door.
  7030 | D:10     | Entered Level 10 of the Dungeon
  7040 | D:10     | Found a radiant altar of Vehumet.
  7088 | D:10     | Noticed a two-headed ogre
  7099 | D:10     | Killed a two-headed ogre
  7171 | D:10     | Noticed a two-headed ogre
  7179 | D:10     | Noticed Psyche
  7183 | D:10     | Killed a two-headed ogre
  7272 | D:9      | HP: 2/150 [killer bee (6)]
  7273 | D:9      | Succumbed to a killer bee's poison

Illustrated notes

Levels and vault maps discovered:
D:1:      amcnicky_arrival_blooded_trapdoor, layout_loops_cross,
          ebering_ecumenical_altar_mist
D:2:      layout_basic
D:3:      layout_basic, general_overflow_altar, overflow_temple_1_default,
          nicolae_figureground_pulse
D:4:      layout_gridville, temple_pool_b, minmay_cupped
D:5:      layout_rooms, zin_purify, kennysheep_mini_moat, bloody_makhleb,
          nicolae_overflow_hidden_temple, gammafunk_ghost_abyssal_escape
D:6:      layout_gridville, nicolae_overflow_crystal_walls,
          grunt_decor_one_mirror, uniq_grinder, uniq_eustachio, uniq_duvessa,
          uniq_pikel
D:7:      layout_cave_pools, dk_yredelemnul_ordeal, overflow_temple_1_default,
          grunt_dithmenos_shadows, uniq_crazy_yiuf_cottage
D:8:      nicolae_moon_pools, layout_basic, minmay_liquid_box,
          nrook_pool_corridor
D:9:      layout_loops_cross, ebering_ghost_gozag,
          minmay_guarded_unrand_resistance
D:10:     layout_cave_pools, mainiacjoe_overflow_alcove_1, orc_0_dummy,
          special_room [special_room_orc], hangedman_decor_opposing,
          nicolae_water_bricks, kennysheep_generic_room_7, uniq_psyche
Temple:   hellmonk_temple_beads

Skill      XL: |  1  2  3  4  5  6  7  8  9 10 |
---------------+-------------------------------+-----
Fighting       | 1 2 3 4 5 6 |  6.7
Dodging        | 2 3 4 5 6 |  6.9
Unarmed Combat | 4 5 6 7 8 |  8.6
Shapeshifting  | 4 5 6 7 8 |  8.0
Throwing       | 2 4 |  4.2

Action                     |  1- 3 |  4- 6 |  7- 9 | 10-12 || total
---------------------------+-------+-------+-------+-------++-------
  Melee: Unarmed           |    93 |    96 |   205 |   115 ||   509
  Throw: Stone             |       |     2 |    21 |     7 ||    30
 Invoke: Berserk           |       |       |       |     1 ||     1
    Use: Potion            |       |     2 |       |       ||     2
         Scroll            |       |     1 |     8 |     3 ||    12
   Stab: Sleeping          |     2 |     1 |     7 |       ||    10
 Armour: Animal skin       |    38 |       |       |       ||    38
         Robe              |     7 |    50 |   147 |    42 ||   246
         Skin              |       |    77 |       |       ||    77
         Troll leather arm |       |       |       |    95 ||    95
  Dodge: Dodged            |    41 |    31 |    66 |    63 ||   201
